 Dungeon Crawl Stone Soup version 0.25-a0-842-g81a31cfd23 (webtiles) character file.

Game seed: 1773079190053675818, levelgen mode: deterministic

7 Froggeryz the Sneak (level 2, -2/18 HPs)
             Began as a Gargoyle Wanderer on Apr 25, 2020.
             Slain by a leopard gecko (4 damage)
             ... on level 1 of the Dungeon.
             The game lasted 00:00:31 (227 turns).

Froggeryz the Sneak (Gargoyle Wanderer)              Turns: 227, Time: 00:00:32

Health: -2/18      AC:  5    Str: 13    XL:     2   Next: 4%
Magic:  2/2        EV: 11    Int: 13    God:
Gold:   14         SH:  0    Dex: 10    Spells: 1/1 levels left

rFire    . . .     SeeInvis .   k - +0 mace
rCold    . . .     Gourm    .   (no shield)
rNeg     + . .     Faith    .   f - +0 robe
rPois    ∞         Spirit   .   (no helmet)
rElec    +         Reflect  .   j - +0 cloak {MR+}
rCorr    .         Harm     .   (no gloves)
MR       +....                  (no boots)
Stlth    ++........             (no amulet)
HPRegen  0.06/turn              (no ring)
MPRegen  0.08/turn              (no ring)

@: no status effects
A: negative energy resistance 1, electricity resistance, unbreathing,
petrification resistance, rot immunity, AC +2
a: no special abilities


You were on level 1 of the Dungeon.
You were not hungry.

You visited 1 branch of the dungeon, and saw 1 of its levels.

You collected 14 gold pieces.

Inventory:

Hand Weapons
 a - a +2 dagger
 d - a +0 shortbow
 k - a +0 mace (weapon)
Missiles
 e - 27 arrows
Armour
 f - a +0 robe (worn)
 j - a +0 cloak of magic resistance (worn)
Scrolls
 b - a scroll of blinking
Potions
 c - a potion of curing
 h - a potion of magic {unknown}
 i - a potion of haste {unknown}
Comestibles
 g - 2 rations


   Skills:
 + Level 2.8 Fighting
 - Level 1.0 Short Blades
 * Level 0.5 Maces & Flails
 - Level 2.0 Bows
 - Level 1.0 Throwing
 - Level 1.0 Dodging
 - Level 3.2 Stealth


You had one spell level left.
You didn't know any spells.
Your spell library was empty.

Dungeon Overview and Level Annotations

Branches:
Dungeon (1/15)

Altars:


Innate Abilities, Weirdness & Mutations

You are resistant to torment.
Your stone body is resilient. (AC +2)
You are immune to poison.
You resist negative energy. (rN+)
You are resistant to electric shocks. (rElec)
You can survive without breathing.
You are immune to petrification.
You are immune to rotting.


Message History

The leopard gecko is moderately wounded.
The leopard gecko bites you.
The leopard gecko bites you but does no damage.
You are too injured to fight recklessly!
You are too injured to fight recklessly!
You are too injured to fight recklessly!
You are too injured to fight recklessly!
You closely miss the leopard gecko.
The leopard gecko is moderately wounded.
The leopard gecko bites you.
* * * LOW HITPOINT WARNING * * *
You closely miss the leopard gecko.
The leopard gecko is moderately wounded.
The leopard gecko bites you.
* * * LOW HITPOINT WARNING * * *
The leopard gecko barely misses you.
You miss the leopard gecko.
The leopard gecko is lightly wounded.
The leopard gecko bites you.
You die...

##. #. .# ... #. .. ... ##'
#.#. #.# ##.. # #.#. #.###
##... ##.#.#.
#.#.######....
#......#######....#........
........hl@............####
...##..#####..........#...
#..# #..#.###.###.8.
######..# #..### #.#.....
#......†# #...####.+.8.<.
#.####..# #.....##.#.....
#..# #...#.##.###[8. #..#
#..........#... ...#
#####.##...####


You could see a leopard gecko and a jackal.

Vanquished Creatures
  2 goblins (D:1)
  3 jackals (D:1)
  A kobold (D:1)
6 creatures vanquished.

Notes
Turn   | Place    | Note
-------+----------+-------------------------------------------
     0 | D:1      | Froggeryz the Gargoyle Wanderer began the quest for the
                  | Orb.
     0 | D:1      | Froggeryz set off with the following items: a +2 dagger, a
                  | scroll of blinking, a potion of curing, a +0 shortbow, 27
                  | arrows, a +0 robe, a ration
     0 | D:1      | Reached XP level 1. HP: 12/12 MP: 1/1
   221 | D:1      | Reached XP level 2. HP: 14/18 MP: 2/2
   227 | D:1      | Slain by a leopard gecko

Levels and vault maps discovered:
D:1:      dpeg_arrival_simpleton_c, layout_loops_corners, minivault_19,
          minmay_misc_feat_four_crosses

Action                   || total
-------------------------++-------
Melee: Dagger            ||     8
       Mace              ||    10
 Stab: Sleeping          ||     2
Armor: Robe              ||     5
Dodge: Dodged            ||    10

Table legend:
 A = Non-vault XP
 B = Vault XP
 C = Vault XP percentage of total XP
 D = Non-vault monster count
 E = Vault monster count
 F = Vault count percentage of total count
                 A         B        C        D         E       F
            +---------+---------+-------+---------+---------+-------
      Total |      11 |       0 |   0.0 |       6 |       0 |   0.0
            +---------+---------+-------+---------+---------+-------
        D:1 |      11 |       0 |   0.0 |       6 |       0 |   0.0
            +---------+---------+-------+---------+---------+-------
